| TOP OF THE 1ST |
|
Burlington Royals batting - Pitching for Seattle (APP) Mariners : RHP John Olson
|
|
Pitching: RHP John Olson
|
|
|
Batting: RHB Shura Mogilny
|
0-0: Ground out 1-3 (Groundball, 13S, EV 68.8 MPH)
|
|
Batting: RHB Tim Williams
|
0-0: Called Strike 0-1: Ball 1-1: Foul Ball, location: 2F 1-2: Ball 2-2: Fly out, F8 (Flyball, 78XD, EV 91.9 MPH)
|
|
Batting: SHB Alex Cavazos
|
0-0: Fly out, F7 (Flyball, 7LM, EV 92.5 MPH)
|
| Top of the 1st over - 0 runs, 0 hits, 0 errors, 0 left on base; Burlington 0 - Seattle (APP) 0 |
| BOTTOM OF THE 1ST |
|
Seattle (APP) Mariners batting - Pitching for Burlington Royals : LHP Brett Reed
|
|
Pitching: LHP Brett Reed
|
|
|
Batting: RHB Nick Edmunds
|
0-0: Called Strike 0-1: Swinging Strike 0-2: Ground out 6-3 (Groundball, 6, EV 92.5 MPH)
|
|
Batting: RHB John Vasquez
|
0-0: Ball 1-0: Ball 2-0: Fly out, F9 (Flyball, 9S, EV 96.2 MPH)
|
|
Batting: SHB Carlos Luna
|
0-0: Fly out, F5 (Line Drive, 5L, EV 72.5 MPH)
|
| Bottom of the 1st over - 0 runs, 0 hits, 0 errors, 0 left on base; Burlington 0 - Seattle (APP) 0 |
| TOP OF THE 2ND |
|
Burlington Royals batting - Pitching for Seattle (APP) Mariners : RHP John Olson
|
|
Batting: RHB Hugo Chavez
|
0-0: Ball 1-0: Ball 2-0: Ball 3-0: Foul Ball, location: 2F 3-1: Foul Ball, location: 2F 3-2: Foul Ball, location: 2F 3-2: Strikes out swinging
|
|
Batting: RHB Masakuni Takeuchi
|
0-0: Called Strike 0-1: Ground out 5-3 (Groundball, 56, EV 81.2 MPH)
|
|
Batting: RHB Jason Conner
|
0-0: Ball 1-0: Called Strike 1-1: Foul Ball, location: 2F 1-2: Ball 2-2: Strikes out looking
|
| Top of the 2nd over - 0 runs, 0 hits, 0 errors, 0 left on base; Burlington 0 - Seattle (APP) 0 |
| BOTTOM OF THE 2ND |
|
Seattle (APP) Mariners batting - Pitching for Burlington Royals : LHP Brett Reed
|
|
Batting: RHB Chris Van Niel
|
0-0: Foul Ball, location: 2F 0-1: Ball 1-1: Fly out, F3 (Popup, 3SF, EV 71.9 MPH)
|
|
Batting: RHB Nick Ellis
|
0-0: Fly out, F8 (Line Drive, 8RM, EV 86.9 MPH)
|
|
Batting: RHB Carlton McDonald
|
0-0: Ball 1-0: Swinging Strike 1-1: Foul Ball, location: 2F 1-2: Ball 2-2: Ball 3-2: Ground out 5-3 (Groundball, 56, EV 82.5 MPH)
|
| Bottom of the 2nd over - 0 runs, 0 hits, 0 errors, 0 left on base; Burlington 0 - Seattle (APP) 0 |
| TOP OF THE 3RD |
|
Burlington Royals batting - Pitching for Seattle (APP) Mariners : RHP John Olson
|
|
Batting: RHB David Rubio
|
0-0: Called Strike 0-1: Foul Ball, location: 2F 0-2: Strikes out swinging
|
|
Batting: RHB Juan Nieves
|
0-0: Ball 1-0: Fly out, F8 (Flyball, 78D, EV 103.8 MPH)
|
|
Batting: LHB Jayden Pelayo
|
0-0: Ball 1-0: Called Strike 1-1: Ball 2-1: Ball 3-1: Base on Balls
|
|
Batting: RHB Shura Mogilny
|
0-0: Called Strike 0-1: Fly out, F7 (Flyball, 7, EV 94.4 MPH)
|
| Top of the 3rd over - 0 runs, 0 hits, 0 errors, 1 left on base; Burlington 0 - Seattle (APP) 0 |
| BOTTOM OF THE 3RD |
|
Seattle (APP) Mariners batting - Pitching for Burlington Royals : LHP Brett Reed
|
|
Batting: RHB Joaquin Salazar
|
0-0: Ball 1-0: Ball 2-0: Swinging Strike 2-1: SINGLE (Line Drive, 89S, EV 106.9 MPH)
|
|
Batting: LHB Chang Huie
|
0-0: Called Strike Joaquin Salazar steals 2nd base 0-1: Called Strike 0-2: DOUBLE (Groundball, 3L, EV 101.2 MPH) Joaquin Salazar scores
|
|
Batting: RHB Josh Carpenter
|
0-0: Foul Ball, location: 2F 0-1: Ball 1-1: Called Strike 1-2: Ball 2-2: Strikes out swinging
|
|
Batting: RHB Nick Edmunds
|
0-0: Ball 1-0: Ball 2-0: Ball 3-0: Base on Balls
|
|
Batting: RHB John Vasquez
|
0-0: Called Strike 0-1: Called Strike 0-2: Ball 1-2: SINGLE (Line Drive, 34D, EV 96.9 MPH) Chang Huie to third Nick Edmunds to second
|
|
Batting: SHB Carlos Luna
|
0-0: Foul Ball, location: 2F 0-1: Grounds into double play, 4-6-3 (Groundball, 4, EV 101.2 MPH)
|
| Bottom of the 3rd over - 1 run, 3 hits, 0 errors, 2 left on base; Burlington 0 - Seattle (APP) 1 |
| TOP OF THE 4TH |
|
Burlington Royals batting - Pitching for Seattle (APP) Mariners : RHP John Olson
|
|
Batting: RHB Tim Williams
|
0-0: SOLO HOME RUN (Flyball, 7D, EV 98.1 MPH), Distance : 375 ft
|
|
Batting: SHB Alex Cavazos
|
0-0: Swinging Strike 0-1: Foul Ball, location: 2F 0-2: Ground out 1-3 (Groundball, 13S, EV 67.5 MPH)
|
|
Batting: RHB Hugo Chavez
|
0-0: Foul Ball, location: 2F 0-1: Ball 1-1: Foul Ball, location: 2F 1-2: Foul Ball, location: 2F 1-2: Ball 2-2: Ball 3-2: Base on Balls
|
|
Batting: RHB Masakuni Takeuchi
|
0-0: Ball 1-0: Called Strike 1-1: DOUBLE (Flyball, 78XD, EV 106.2 MPH) Hugo Chavez to third
|
|
Batting: RHB Jason Conner
|
0-0: Called Strike 0-1: Ball 1-1: Ball 2-1: SINGLE (Groundball, 56D, EV 99.4 MPH) Hugo Chavez scores Masakuni Takeuchi to third Runner from 3rd tries for Home, SAFE, throw by LF to home Jason Conner to second
|
|
Batting: RHB David Rubio
|
0-0: Called Strike 0-1: Ball 1-1: Foul Ball, location: 2F 1-2: Ball 2-2: Strikes out swinging
|
|
Batting: RHB Juan Nieves
|
0-0: Ball 1-0: Fly out, F7 (Line Drive, 7LM, EV 98.8 MPH)
|
| Top of the 4th over - 3 runs, 3 hits, 0 errors, 1 left on base; Burlington 3 - Seattle (APP) 1 |
| BOTTOM OF THE 4TH |
|
Seattle (APP) Mariners batting - Pitching for Burlington Royals : LHP Brett Reed
|
|
Batting: RHB Chris Van Niel
|
0-0: Ball 1-0: Ball 2-0: Called Strike 2-1: Foul Ball, location: 2F 2-2: Fly out, F8 (Flyball, 8LD, EV 99.4 MPH)
|
|
Batting: RHB Nick Ellis
|
0-0: Ball 1-0: Fly out, F3 (Popup, 3S, EV 77.5 MPH)
|
|
Batting: RHB Carlton McDonald
|
0-0: Fly out, F8 (Flyball, 8LD, EV 95.0 MPH)
|
| Bottom of the 4th over - 0 runs, 0 hits, 0 errors, 0 left on base; Burlington 3 - Seattle (APP) 1 |
| TOP OF THE 5TH |
|
Burlington Royals batting - Pitching for Seattle (APP) Mariners : RHP John Olson
|
|
Batting: LHB Jayden Pelayo
|
0-0: Called Strike 0-1: Ball 1-1: Foul Ball, location: 2F 1-2: Ball 2-2: Strikes out swinging
|
|
Batting: RHB Shura Mogilny
|
0-0: Called Strike 0-1: DOUBLE (Groundball, 5L, EV 98.1 MPH)
|
|
Batting: RHB Tim Williams
|
0-0: Ball 1-0: Ball 2-0: Swinging Strike 2-1: Ball 3-1: Base on Balls
|
|
Batting: SHB Alex Cavazos
|
0-0: Called Strike Shura Mogilny is caught stealing 3rd base 2-5 0-1: Ball 1-1: SINGLE (Groundball, 56D, EV 94.4 MPH) Tim Williams to second
|
|
Batting: RHB Hugo Chavez
|
0-0: Swinging Strike 0-1: Foul Ball, location: 2F 0-2: Foul Ball, location: 2F 0-2: Ball 1-2: Foul Ball, location: 2F 1-2: SINGLE (Flyball, 89S, EV 90.0 MPH) Tim Williams to third Alex Cavazos to second
|
|
Batting: RHB Masakuni Takeuchi
|
0-0: Swinging Strike 0-1: DOUBLE (Groundball, 5L, EV 110.0 MPH) Tim Williams scores Alex Cavazos scores Hugo Chavez to third Runner from 3rd tries for Home, SAFE, throw by LF to trailing runner, SAFE at third!
|
|
Pitching: RHP Eric Dixon
|
|
|
Batting: RHB Jason Conner
|
0-0: Ball 1-0: Ball 2-0: Foul Ball, location: 2F 2-1: Ground out 6-3 (Groundball, 56, EV 110.0 MPH)
|
| Top of the 5th over - 3 runs, 4 hits, 0 errors, 1 left on base; Burlington 6 - Seattle (APP) 1 |
| BOTTOM OF THE 5TH |
|
Seattle (APP) Mariners batting - Pitching for Burlington Royals : LHP Brett Reed
|
|
Batting: RHB Joaquin Salazar
|
0-0: Ground out 6-3 (Groundball, 6, EV 86.2 MPH)
|
|
Batting: LHB Chang Huie
|
0-0: Called Strike 0-1: Ball 1-1: Foul Ball, location: 2F 1-2: Strikes out swinging
|
|
Batting: RHB Josh Carpenter
|
0-0: Ball 1-0: Ground out 6-3 (Groundball, 6, EV 81.2 MPH)
|
| Bottom of the 5th over - 0 runs, 0 hits, 0 errors, 0 left on base; Burlington 6 - Seattle (APP) 1 |
| TOP OF THE 6TH |
|
Burlington Royals batting - Pitching for Seattle (APP) Mariners : RHP Eric Dixon
|
|
Batting: RHB David Rubio
|
0-0: Called Strike 0-1: Swinging Strike 0-2: Foul Ball, location: 2F 0-2: Ball 1-2: Strikes out swinging
|
|
Batting: RHB Juan Nieves
|
0-0: Ball 1-0: Called Strike 1-1: Ball 2-1: Ball 3-1: Base on Balls
|
|
Batting: LHB Jayden Pelayo
|
0-0: Called Strike 0-1: Foul Ball, location: 2F 0-2: Ball 1-2: Foul Ball, location: 2F 1-2: Strikes out swinging
|
|
Pitching: RHP Domingo Maldonado
|
|
|
Batting: RHB Shura Mogilny
|
0-0: Ball Pickoff Throw to First - Error! E1 Juan Nieves to second 1-0: Ball 2-0: Called Strike 2-1: Ball 3-1: Swinging Strike 3-2: Strikes out swinging
|
| Top of the 6th over - 0 runs, 0 hits, 1 error, 1 left on base; Burlington 6 - Seattle (APP) 1 |
| BOTTOM OF THE 6TH |
|
Seattle (APP) Mariners batting - Pitching for Burlington Royals : LHP Brett Reed
|
|
Batting: RHB Nick Edmunds
|
0-0: Ball 1-0: Ball 2-0: Swinging Strike 2-1: Called Strike 2-2: Strikes out swinging
|
|
Batting: RHB John Vasquez
|
0-0: Ball 1-0: Called Strike 1-1: Ground out 4-3 (Groundball, 4, EV 99.4 MPH)
|
|
Batting: SHB Carlos Luna
|
0-0: Swinging Strike 0-1: Ball 1-1: Ground out 4-3 (Groundball, 4, EV 83.8 MPH)
|
| Bottom of the 6th over - 0 runs, 0 hits, 0 errors, 0 left on base; Burlington 6 - Seattle (APP) 1 |
| TOP OF THE 7TH |
|
Burlington Royals batting - Pitching for Seattle (APP) Mariners : RHP Domingo Maldonado
|
|
Batting: RHB Tim Williams
|
0-0: Called Strike 0-1: Ground out 6-3 (Groundball, 6, EV 85.0 MPH)
|
|
Batting: SHB Alex Cavazos
|
0-0: Ball 1-0: Ground out 1-3 (Groundball, 13S, EV 69.4 MPH)
|
|
Batting: RHB Hugo Chavez
|
0-0: Fly out, F9 (Flyball, 9D, EV 76.2 MPH)
|
| Top of the 7th over - 0 runs, 0 hits, 0 errors, 0 left on base; Burlington 6 - Seattle (APP) 1 |
| BOTTOM OF THE 7TH |
|
Seattle (APP) Mariners batting - Pitching for Burlington Royals : LHP Brett Reed
|
|
Batting: RHB Chris Van Niel
|
0-0: Swinging Strike 0-1: SOLO HOME RUN (Flyball, 7D, EV 96.9 MPH), Distance : 371 ft
|
|
Batting: RHB Nick Ellis
|
0-0: Called Strike 0-1: Ball 1-1: Foul Ball, location: 2F 1-2: Foul Ball, location: 2F 1-2: Strikes out swinging
|
|
Batting: RHB Carlton McDonald
|
0-0: SINGLE (Line Drive, 5L, EV 106.2 MPH)
|
|
Batting: RHB Joaquin Salazar
|
0-0: Fielders Choice at 2nd, 3-6 (Groundball, 3, EV 94.4 MPH)
|
|
Batting: LHB Chang Huie
|
0-0: Ball Joaquin Salazar steals 2nd base 1-0: Swinging Strike 1-1: Ground out U3 (Groundball, 3L, EV 86.2 MPH)
|
| Bottom of the 7th over - 1 run, 2 hits, 0 errors, 1 left on base; Burlington 6 - Seattle (APP) 2 |
| TOP OF THE 8TH |
|
Burlington Royals batting - Pitching for Seattle (APP) Mariners : RHP Domingo Maldonado
|
|
Batting: RHB Masakuni Takeuchi
|
0-0: Ball 1-0: Ball 2-0: Called Strike 2-1: Ball 3-1: Base on Balls
|
|
Batting: RHB Jason Conner
|
0-0: Called Strike 0-1: Foul Ball, location: 2F 0-2: Ball 1-2: Foul Ball, location: 2F 1-2: Strikes out looking
|
|
Batting: RHB David Rubio
|
0-0: Called Strike 0-1: Called Strike 0-2: Strikes out looking
|
|
Batting: RHB Juan Nieves
|
0-0: SINGLE (Groundball, 56D, EV 100.6 MPH) Masakuni Takeuchi to second
|
|
Batting: LHB Jayden Pelayo
|
0-0: Ball 1-0: Called Strike 1-1: Called Strike 1-2: Strikes out swinging
|
| Top of the 8th over - 0 runs, 1 hit, 0 errors, 2 left on base; Burlington 6 - Seattle (APP) 2 |
| BOTTOM OF THE 8TH |
|
Seattle (APP) Mariners batting - Pitching for Burlington Royals : LHP Brett Reed
|
|
Pitching: RHP Itsuki Eguchi
|
|
|
Batting: RHB Josh Carpenter
|
0-0: Called Strike 0-1: Ball 1-1: Called Strike 1-2: Foul Ball, location: 2F 1-2: Strikes out swinging
|
|
Batting: RHB Nick Edmunds
|
0-0: Foul Ball, location: 2F 0-1: Ground out 4-3 (Groundball, 4, EV 98.8 MPH)
|
|
Batting: RHB John Vasquez
|
0-0: Foul Ball, location: 2F 0-1: Ground out 6-3 (Groundball, 6, EV 105.0 MPH)
|
| Bottom of the 8th over - 0 runs, 0 hits, 0 errors, 0 left on base; Burlington 6 - Seattle (APP) 2 |
| TOP OF THE 9TH |
|
Burlington Royals batting - Pitching for Seattle (APP) Mariners : RHP Domingo Maldonado
|
|
Pitching: RHP Ruben Mendoza
|
|
|
Batting: RHB Shura Mogilny
|
0-0: Swinging Strike 0-1: Called Strike 0-2: Ball 1-2: Foul Ball, location: 2F 1-2: Strikes out swinging
|
|
Batting: RHB Tim Williams
|
0-0: Called Strike 0-1: Ball 1-1: Fly out, F4 (Flyball, 4MD, EV 82.5 MPH)
|
|
Batting: SHB Alex Cavazos
|
0-0: Foul Ball, location: 2F 0-1: Ground out 6-3 (Groundball, 6M, EV 83.8 MPH)
|
| Top of the 9th over - 0 runs, 0 hits, 0 errors, 0 left on base; Burlington 6 - Seattle (APP) 2 |
| BOTTOM OF THE 9TH |
|
Seattle (APP) Mariners batting - Pitching for Burlington Royals : RHP Itsuki Eguchi
|
|
Batting: SHB Carlos Luna
|
0-0: Fly out, F9 (Flyball, 9D, EV 100.6 MPH)
|
|
Batting: RHB Chris Van Niel
|
0-0: Ball 1-0: Called Strike 1-1: Foul Ball, location: 2F 1-2: Ball 2-2: Foul Ball, location: 3F, Error on foul ball, E3 2-2: Ball 3-2: Foul Ball, location: 2F 3-2: Fly out, F7 (Flyball, 7, EV 83.8 MPH)
|
|
Batting: RHB Nick Ellis
|
0-0: Ball 1-0: Ball 2-0: Ball 3-0: Called Strike 3-1: Foul Ball, location: 2F 3-2: Foul Ball, location: 2F 3-2: Base on Balls
|
|
Batting: RHB Carlton McDonald
|
0-0: Called Strike 0-1: Called Strike 0-2: Ball 1-2: Ball 2-2: Strikes out looking
|
| Bottom of the 9th over - 0 runs, 0 hits, 1 error, 1 left on base; Burlington 6 - Seattle (APP) 2 |
|